Map: [EWC] Post-Youth

Players

Dark - Winner!

  • Race: Zerg Zerg
  • Spawn Location: 1:00

HeroMarine

  • Race: Terran Terran
  • Spawn Location: 7:00

Event: Esports World Cup 2024

VOD

Have the link to the VOD?

Description

Time

  • Played on: Aug. 14, 2024, 9:32 a.m.
  • Length: 12:02

All games in this series

Show
View Real Time Build Order
Export as new Build Order

Dark Zerg - Winner!

Build Orders: Hatch First 

Get SALT Encoding   

  12  0:00  Drone  
  13  0:11  Overlord  
  13  0:17  Drone  
  14  0:30  Drone x2  
  16  0:49  Hatchery  
  15  0:52  Drone  
  15  0:56  Drone  
  17  0:59  Drone  
  18  1:15  Spawning Pool  
  18  1:17  Drone  
  18  1:19  Drone  
  19  1:27  Drone  
  20  1:40  Drone  
  20  1:46  Hatchery  
  20  1:51  Drone  
  21  2:01  Queen  
  21  2:04  Drone  
  21  2:06  Drone  
  25  2:13  Queen  
  25  2:15  Zergling x2  
  28  2:22  Overlord  
  28  2:29  Extractor  
  27  2:32  Spore Crawler  
  27  2:33  Zergling x2  
  27  2:40  Queen, Overlord  
  31  2:44  Drone  
  31  2:48  Zergling x6  
  35  2:56  Overlord  
  35  2:57  Queen  
  38  3:00  Queen  
  38  3:03  Drone  
  38  3:05  Drone  
  41  3:09  Drone  
  41  3:10  Drone  
  43  3:17  Drone x4  
  47  3:22  Drone x2  
  47  3:25  Extractor  
  48  3:30  Overlord  
  48  3:32  Drone x2  
  50  3:35  Spore Crawler  
  50  3:37  Queen  
  53  3:44  Drone x4, Extractor  
  53  3:45  Extractor  
  55  3:48  Drone x2  
  55  3:49  Drone  
  55  3:51  Drone x2  
  55  3:54  Drone  
  61  3:58  Drone  
  61  4:00  Drone  
  61  4:02  Roach Warren  
  62  4:08  Drone x4  
  66  4:14  Overlord  
  66  4:16  Overlord  
  65  4:19  Overlord  
  65  4:21  Overlord  
  65  4:25  Overlord  
  65  4:29  Overlord  
  65  4:31  Lair  
  65  4:38  Drone  
  65  4:39  Drone x7  
  65  4:43  Extractor  
  65  4:44  Extractor  
  65  4:45  Drone x2  
  73  4:47  Drone  
  74  4:53  Evolution Chamber x2  
  74  4:55  Drone x2  
  74  5:01  Drone x4  
  74  5:02  Extractor  
  74  5:04  Extractor  
  76  5:07  Drone x2  
  76  5:10  Hatchery  
  77  5:16  Drone  
  77  5:17  Drone x2  
  77  5:18  Roach x5  
  77  5:20  Zerg Missile Weapons Level 1  
  90  5:24  Zerg Ground Armor Level 1  
  90  5:33  Glial Reconstitution  
  90  5:34  Roach  
  92  5:38  Roach x3  
  92  5:40  Overlord  
  92  5:42  Overlord  
  98  5:43  Roach x3  
  104  5:53  Overlord x3  
  104  6:01  Roach x7  
  104  6:02  Hatchery  
  117  6:10  Hatchery, Metabolic Boost  
  117  6:13  Roach  
  117  6:14  Roach x3  
  125  6:20  Roach x3  
  125  6:22  Ravager  
  125  6:23  Ravager  
  133  6:26  Overlord  
  133  6:27  Overlord  
  133  6:28  Roach  
  133  6:29  Roach  
  133  6:30  Roach  
  133  6:32  Roach  
  143  6:40  Roach x2  
  143  6:42  Overlord  
  143  6:43  Overlord  
  143  6:46  Roach x5  
  155  6:49  Ravager x2  
  157  6:54  Drone  
  157  6:57  Roach x2  
  157  7:00  Roach  
  164  7:03  Roach x2  
  164  7:06  Ravager x2  
  170  7:09  Zergling x12  
  170  7:10  Zergling x4  
  170  7:13  Overlord  
  178  7:19  Overlord  
  178  7:21  Overlord  
  178  7:24  Roach x3  
  184  7:32  Roach  
  184  7:36  Roach x2  
  164  7:39  Roach x9  
  164  7:42  Roach  
  167  7:49  Roach x2  
  167  7:50  Roach  
  155  7:52  Drone  
  155  7:53  Zerg Missile Weapons Level 2, Drone x2  
  155  7:54  Roach  
  148  7:59  Roach x2  
  150  8:06  Zergling x16  
  150  8:11  Zerg Ground Armor Level 2  
  148  8:25  Hatchery, Ravager, Extractor  
  148  8:26  Ravager x2  
  149  8:27  Ravager x3  
  149  8:34  Zergling x22  
  163  8:45  Zergling x18  
  163  8:46  Ravager x2  
  163  8:47  Ravager  
  175  8:55  Overseer  
  175  8:57  Ravager x2  
  175  8:59  Zergling x12  
  177  9:04  Zergling x10  
  150  9:22  Roach x11  
  136  9:25  Roach  
  136  9:29  Roach x3  
  136  9:31  Roach  
  130  9:36  Roach  
  130  9:37  Roach x3  
  130  9:41  Roach x2  
  130  9:42  Drone x2  
  130  9:43  Drone  
  137  9:46  Roach  
  137  9:47  Roach  
  137  9:51  Roach  
  143  9:54  Ravager x2  
  143  9:55  Ravager x5  
  143  9:56  Roach  
  143  9:57  Roach  
  143  9:59  Roach  
  158  10:00  Roach  
  158  10:03  Roach x2  
  158  10:04  Roach  
  158  10:06  Roach  
  166  10:07  Roach  
  166  10:11  Ravager  
  166  10:12  Zergling x8  
  166  10:13  Zergling x2  
  174  10:16  Roach x2  
  174  10:19  Roach x2  
  168  10:32  Roach  
  168  10:33  Roach x8  
  167  10:36  Roach  
  167  10:37  Roach x2  
  167  10:41  Roach x3  
  167  10:42  Roach  
  167  10:50  Roach  
  167  10:51  Roach x4  
  167  10:53  Roach  
  170  11:00  Roach x6  
  170  11:02  Zergling x6  
  171  11:07  Overseer, Roach x3  
  165  11:13  Roach x4  
  165  11:14  Roach  
  165  11:20  Zergling x14  
  165  11:22  Ravager  
  165  11:23  Ravager x4  
  177  11:26  Zergling x6  
  177  11:28  Zergling x2  
  177  11:32  Infestation Pit  
  180  11:35  Zergling x12  
  180  11:36  Zergling x2  
  187  11:41  Zergling x10  
  187  11:42  Zergling x4  
  187  11:45  Zergling x4  
Show
View Real Time Build Order
Export as new Build Order

HeroMarine Terran 

Build Orders:  

Get SALT Encoding   

  12  0:00  SCV  
  13  0:12  SCV  
  14  0:17  Supply Depot  
  14  0:24  SCV  
  15  0:39  SCV, Barracks  
  16  0:45  Refinery  
  16  0:51  SCV  
  17  1:00  Barracks  
  17  1:04  SCV  
  18  1:16  SCV  
  19  1:27  Reaper  
  19  1:29  Orbital Command  
  20  1:34  Supply Depot  
  20  1:47  Reaper  
  21  1:54  SCV  
  22  2:06  SCV  
  24  2:14  Command Center  
  24  2:18  SCV  
  24  2:19  Barracks Reactor  
  24  2:20  Barracks Tech Lab  
  24  2:25  Refinery  
  24  2:31  SCV  
  25  2:41  Marine  
  25  2:43  SCV  
  27  2:49  Stimpack  
  27  2:55  SCV  
  30  3:07  SCV  
  30  3:09  Command Center  
  29  3:13  Factory  
  29  3:19  SCV  
  30  3:25  Orbital Command  
  30  3:28  Marine x2  
  30  3:31  SCV  
  30  3:34  Marine  
  34  3:43  SCV  
  34  3:46  Marine x2  
  37  3:51  SCV, Marine  
  40  3:55  SCV  
  40  3:58  Starport  
  40  3:59  Factory Reactor  
  40  4:03  SCV  
  40  4:07  SCV, Marine x2  
  40  4:09  Marine  
  45  4:15  SCV  
  46  4:20  SCV  
  46  4:22  Orbital Command  
  46  4:25  Marine x2  
  46  4:27  Marine  
  46  4:28  SCV  
  50  4:32  SCV  
  50  4:33  Combat Shield  
  51  4:40  SCV  
  51  4:41  Supply Depot  
  51  4:42  Medivac x2  
  51  4:43  Refinery  
  51  4:44  SCV, Refinery  
  57  4:47  Marine  
  57  4:51  SCV  
  57  4:52  SCV  
  60  4:54  Marine  
  60  4:57  Orbital Command  
  61  5:02  Marine, Engineering Bay  
  61  5:03  SCV  
  61  5:04  Supply Depot, SCV  
  61  5:05  Marine, Engineering Bay  
  65  5:12  Marine  
  66  5:15  SCV  
  66  5:16  SCV  
  66  5:17  Factory Tech Lab  
  66  5:20  Marine  
  69  5:25  SCV, Marine  
  69  5:27  Supply Depot, SCV  
  69  5:28  SCV  
  73  5:29  Barracks  
  73  5:33  Starport Reactor  
  73  5:35  Terran Infantry Weapons Level 1, Terran Infantry Armor Level 1  
  73  5:37  Siege Tank  
  73  5:38  SCV  
  77  5:48  SCV x2, Marine x2  
  82  5:50  SCV  
  82  5:51  Marauder  
  82  5:56  Barracks  
  82  5:58  Supply Depot  
  82  5:59  Barracks  
  82  6:00  Supply Depot, SCV x2  
  82  6:02  SCV  
  85  6:09  Siege Tank  
  85  6:11  Marine x2  
  85  6:13  SCV x2  
  85  6:14  SCV, Medivac  
  92  6:20  Marauder, Medivac  
  92  6:22  Supply Depot  
  92  6:25  SCV x2  
  98  6:26  SCV  
  98  6:27  Marine  
  98  6:28  Marine  
  98  6:29  Marine  
  102  6:34  Armory  
  102  6:37  SCV  
  102  6:40  SCV  
  102  6:41  Marauder, Bunker  
  102  6:43  Bunker  
  103  6:47  Siege Tank, Bunker  
  103  6:48  Marine  
  103  6:49  Barracks Tech Lab, Marine  
  103  6:50  Barracks Tech Lab  
  103  6:51  Marine x2  
  103  6:53  SCV  
  112  6:54  SCV  
  112  6:58  SCV  
  112  6:59  Refinery  
  112  7:00  Refinery  
  113  7:03  Marauder  
  113  7:05  Supply Depot, Medivac  
  117  7:12  Supply Depot  
  117  7:15  Medivac  
  117  7:16  Marauder x2  
  117  7:18  Supply Depot  
  117  7:21  Marine x2  
  117  7:22  Marine  
  125  7:26  Siege Tank, Marine  
  125  7:27  Marauder  
  131  7:34  SCV x2  
  122  7:37  SCV, Marauder x2  
  122  7:39  Marine x2  
  122  7:40  Marine  
  122  7:44  Marine  
  112  7:46  SCV  
  112  7:48  SCV, Marauder  
  112  7:49  SCV  
  102  7:52  Medivac  
  102  7:56  Medivac  
  102  7:57  Marine x2  
  102  7:58  SCV, Marine x2, Siege Tank  
  102  7:59  Marauder  
  102  8:00  SCV  
  102  8:01  SCV  
  102  8:02  Marine  
  108  8:09  Marine  
  108  8:10  SCV  
  107  8:13  SCV x2  
  107  8:15  Marine x2  
  107  8:16  Marine, Terran Infantry Weapons Level 2  
  107  8:17  Terran Vehicle Weapons Level 1, Marauder  
  114  8:20  Terran Infantry Armor Level 2  
  114  8:24  Marine x2  
  116  8:27  Marauder  
  116  8:28  SCV x2  
  116  8:29  SCV  
  116  8:34  Siege Tank, Marine x3  
  124  8:38  Marauder  
  129  8:42  Marine  
  129  8:44  Marauder  
  129  8:46  Supply Depot  
  129  8:47  Supply Depot  
  129  8:48  Supply Depot  
  132  8:52  Marine  
  133  8:57  Supply Depot x2  
  133  9:07  Marine x2  
  133  9:08  Marine x4, Medivac x2  
  133  9:09  Marine  
  143  9:14  SCV  
  143  9:15  SCV x2  
  127  9:19  Siege Tank  
  112  9:25  Marine x2  
  112  9:26  Marine x2, Marauder x2  
  112  9:27  Marine  
  97  9:42  Medivac x2  
  97  9:43  Marine  
  97  9:44  Marine x2, Marauder  
  97  9:45  Marine  
  106  9:47  Marine x2  
  109  9:54  Siege Tank  
  112  10:01  Marine  
  112  10:02  Marine x2  
  112  10:03  Marine, Factory  
  112  10:05  Marauder x3  
  122  10:10  Command Center  
  122  10:11  Liberator  
  122  10:12  Liberator  
  124  10:19  Marine  
  124  10:20  Marine x2  
  124  10:21  Marine  
  127  10:26  Siege Tank, Marauder  
  123  10:29  Marine x2  
  108  10:37  Marine x3  
  108  10:38  Marine  
  108  10:39  SCV x2  
  108  10:47  Marine, Marauder  
  108  10:48  Marauder  
  108  10:49  Orbital Command  
  112  10:54  Marine  
  112  10:55  Marine x2  
  112  10:56  Marine  
  113  10:58  Orbital Command, Siege Tank  
  113  10:59  SCV  
  106  11:05  Marine  
  106  11:09  SCV  
  102  11:11  SCV  
  102  11:14  Marine  
  97  11:21  SCV  
  97  11:23  Orbital Command  
  98  11:29  SCV x2  
  103  11:33  SCV  
  103  11:38  Marine x4  
  106  11:41  SCV x2  
  106  11:46  SCV  
Tags
 
Add a new tag
Caveats
  • Supply blocks, unpowered buildings, or Contaminate may cause inaccurate times.
  • Supply counts are checked every 10 seconds.